 Dungeon Crawl Stone Soup version 0.20-a0-46-g4a4b873 (webtiles) character file.

182 GlassEater the Sneak (level 5, -4/32 HPs)
             Began as a Kobold Assassin on Nov 14, 2016.
             Slain by an adder (5 damage)
             ... on level 4 of the Dungeon.
             The game lasted 00:06:49 (3367 turns).

GlassEater the Sneak (Kobold Assassin)              Turns: 3367, Time: 00:06:50

Health: -4/32      AC:  3    Str:  9    XL:     5   Next: 93%
Magic:  5/5        EV: 15    Int: 12    God:
Gold:   148        SH:  0    Dex: 17    Spells: 0 memorised, 4 levels left

rFire  . . .     SeeInvis .     y - -1 dagger (curse)
rCold  . . .     Gourm    .     c - +0 robe
rNeg   + . .     Faith    .     (shield restricted)
rPois  .         Spirit   .     (no helmet)
rElec  .         Reflect  .     d - +0 cloak
rCorr  .         Harm     .     (no gloves)
MR     .....                    (no boots)
Stlth  ++++......               (no amulet)
                                s - ring of positive energy
                                t - ring of flight

@: lethally poisoned (-4 -> -8)
A: carnivore 3
a: Evoke Flight


You were on level 4 of the Dungeon.
You were completely stuffed.

You visited 1 branch of the dungeon, and saw 4 of its levels.

You collected 148 gold pieces.

Inventory:

Hand Weapons
 a - a +2 dagger
 b - a +0 blowgun
 y - a cursed -1 dagger (weapon)
Missiles
 e - 7 poisoned needles
 f - 2 curare-tipped needles
Armour
 c - a +0 robe (worn)
 d - a +0 cloak (worn)
 v - a cursed +0 leather armour
Jewellery
 p - an uncursed ring of wizardry
 s - a ring of positive energy (right hand)
 t - a ring of flight (left hand)
Wands
 u - a wand of random effects (38/48)
 w - a wand of acid (11/15)
Scrolls
 j - a scroll of identify
 k - 2 scrolls of remove curse {unknown}
 n - a scroll of amnesia
 q - a scroll of random uselessness {unknown}
Potions
 h - a potion of resistance
 i - a potion of heal wounds {unknown}
 r - a potion of agility
 x - a potion of flight
Comestibles
 g - 6 meat rations
 l - 2 beef jerkies
 m - a slice of pizza


   Skills:
 + Level 3.1 Fighting
 + Level 4.3 Short Blades
 + Level 2.9 Throwing
 + Level 2.3 Dodging
 + Level 7.1 Stealth


You had 4 spell levels left.
You didn't know any spells.

Dungeon Overview and Level Annotations

Branches:
Dungeon (4/15)
 Temple: D:4-7

Altars:


Innate Abilities, Weirdness & Mutations

You are small and have problems with some larger weapons.
You are carnivorous and can eat meat at any time.


Message History

You hit the adder.
The adder is almost dead.
* * * LOW HITPOINT WARNING * * *
You feel sick. The adder closely misses you.
You barely miss the adder.
The adder is almost dead.
The adder closely misses you.
You barely miss the adder.
The adder is almost dead.
* * * LOW HITPOINT WARNING * * *
You feel sick. The adder bites you.
* * * LOW HITPOINT WARNING * * *
You hit the adder but do no damage.
The adder is almost dead.
The adder misses you.
You miss the adder.
The adder is almost dead.
* * * LOW HITPOINT WARNING * * *
You feel sick. The adder bites you.
You die...

##### #...########
#.#.........
##.########## ##...##
##.###.###### ##.##
##@#...# #.##
##S..(### #.#
#<......## ######.##
#......... .....)...##
#.......##
#######.#.###.##...###
.............# ...#
....##...#...# .###
###.##...#...# .#


You could see an adder.

Vanquished Creatures
  Jessica (D:3)
  Terence (D:2)
  2 adders
  An ooze (D:1)
  3 worms (D:2)
  3 dart slugs (D:2)
  8 leopard geckos
  4 orcs (D:3)
  7 bats
  5 giant cockroaches
  7 goblins
  11 hobgoblins
  4 jackals (D:2)
  A quokka (D:2)
  5 frilled lizards
  7 kobolds
  9 rats
79 creatures vanquished.

Notes
Turn   | Place    | Note
-------+----------+-------------------------------------------
     0 | D:1      | GlassEater the Kobold Assassin began the quest for the Orb.
     0 | D:1      | Reached XP level 1. HP: 12/12 MP: 1/1
   308 | D:1      | Reached XP level 2. HP: 17/17 MP: 2/2
   480 | D:1      | Reached skill level 6 in Stealth
   569 | D:1      | Reached XP level 3. HP: 10/21 MP: 3/3
  1137 | D:2      | Reached XP level 4. HP: 15/27 MP: 4/4
  1453 | D:2      | Noticed Terence
  1495 | D:2      | Killed Terence
  1977 | D:2      | Reached XP level 5. HP: 25/32 MP: 5/5
  2637 | D:3      | Noticed Jessica
  2649 | D:3      | Killed Jessica
  2649 | D:3      | Reached skill level 7 in Stealth
  3367 | D:4      | HP: 1/32 [poisoned by an adder]
  3367 | D:4      | Slain by an adder

Vault maps used:
D:1:      ncdulo_wetmaze
D:2:      uniq_terence
D:3:      uniq_jessica
D:4:      first_bread, kennysheep_generic_room_10

Skill      XL: |  1  2  3  4  5 |
---------------+----------------+-----
Stealth        | 6 7 |  7.1
Short Blades   | 3 4 |  4.3
Dodging        | 2 |  2.3
Fighting       | 3 |  3.1
Throwing       | |  2.9

Action                   |  1- 3 |  4- 6 || total
-------------------------+-------+-------++-------
Melee: Dagger            |   104 |   248 ||   352
 Fire: Blowgun           |       |    20 ||    20
  Use: Scroll            |       |     6 ||     6
       Potion            |       |     1 ||     1
 Stab: Sleeping          |    13 |    13 ||    26
  Eat: Chunk             |     9 |     7 ||    16
Armor: Robe              |    12 |    42 ||    54
Dodge: Dodged            |    57 |   188 ||   245
